 Dungeon Sprint DCSS version 0.23-a0-143-g1adec7b (webtiles) character file.

1779 Fang the Cleaver (level 9, -6/66 HPs)
             Began as a Gargoyle Berserker on Sept 5, 2018.
             Was a High Priest of Trog.
             Mangled by a six-headed hydra (12 damage)
             ... in the Dungeon (Sprint IX: "|||||||||||||||||||||||||||||").
             The game lasted 00:01:23 (705 turns).

Fang the Cleaver (Gargoyle Berserker)                Turns: 705, Time: 00:01:23

Health: -6/66      AC:  8    Str: 26    XL:     9   Next: 8%
Magic:  9/9        EV: 16    Int:  9    God:    Trog [*****.]
Gold:   10         SH:  0    Dex:  9    Spells: 8/8 levels left

rFire    . . .     SeeInvis .   n - +3 war axe (flame)
rCold    . . .     Gourm    .   (no shield)
rNeg     + . .     Faith    .   b - +0 animal skin
rPois    ∞         Spirit   .   (no helmet)
rElec    +         Reflect  .   (no cloak)
rCorr    .         Harm     .   (no gloves)
MR       .....     NoTele   +   (no boots)
Stlth    +.........             (no amulet)
HPRegen  0.21/turn              o - +3 ring of strength
MPRegen  0.11/turn              p - +2 ring of evasion

@: berserk cooldown, slowed, very slow
A: negative energy resistance 1, electricity resistance, unbreathing,
petrification resistance, rot immunity, AC +6
a: Berserk, Trog's Hand, Brothers in Arms, Renounce Religion


You were in the Dungeon.
You worshipped Trog.
Trog was extremely pleased with you.
You were near starving.

You visited 1 branch You collected 10 gold pieces.

Inventory:

Hand Weapons
 n - a +3 war axe of flaming (weapon)
Armour
 b - a +0 animal skin (worn)
Jewellery
 o - a +3 ring of strength (left hand)
 p - a +2 ring of evasion (right hand)
Wands
 m - a wand of iceblast (10)
Scrolls
 i - 3 scrolls of blinking
 j - a scroll of fog
 l - 5 scrolls of remove curse
 q - 2 scrolls of enchant armour
 r - a scroll of fear
Potions
 a - 2 potions of might
 d - 8 potions of curing
 e - 3 potions of heal wounds
 f - 2 potions of haste
 g - 4 potions of magic
 h - a potion of berserk rage
 k - a potion of invisibility
Comestibles
 c - a ration


   Skills:
 + Level 12.5 Fighting
 + Level 12.6 Axes
 + Level 6.2 Armour
 + Level 5.9 Dodging
 + Level 1.2 Stealth


You had 8 spell levels left.
You didn't know any spells.
Your spell library was empty.

Dungeon Overview and Level Annotations

Branches:
Dungeon (1/1)

Altars:
Cheibriados
Dithmenos
Elyvilon
Fedhas
Gozag
Hepliaklqana
Kikubaaqudgha
Makhleb
Nemelex Xobeh
Okawaru
Qazlal
Ru
Sif Muna
Trog
Uskayaw
Vehumet
Wu Jian
Xom
Yredelemnul
Zin
The Shining One
Beogh
Jiyva
Lugonu


Innate Abilities, Weirdness & Mutations

You are resistant to torment.
Your stone body is resilient. (AC +6)
You are immune to poison.
You resist negative energy. (rN+)
You are resistant to electric shocks. (rElec)
You can survive without breathing.
You are immune to petrification.
You are immune to rotting.


Message History

The six-headed hydra bites you! The six-headed hydra misses you.
The six-headed hydra closely misses you.
The six-headed hydra bites you but does no damage.
The six-headed hydra closely misses you.
The six-headed hydra bites you! The six-headed hydra bites you.
The six-headed hydra bites you but does no damage.
The six-headed hydra bites you! The six-headed hydra bites you.
There is an open door to the Lair, spattered with blood here.
Things that are here:
a bullfrog corpse; a spiny frog corpse You are too injured to fight recklessly!
Your iron troll goes berserk!
You are near starving!
The six-headed hydra bites you but does no damage.
The six-headed hydra bites you!
* * * LOW HITPOINT WARNING * * *
The six-headed hydra bites you.
* * * LOW HITPOINT WARNING * * *
The six-headed hydra bites you!
You die...

▓_▓.▓
▓_▓.▓.▓
▓_▓.▓.▓
▓_▓.▓F▓
▓_▓.▓F▓
▓_▓.▓F▓
▓_▓.▓S▓
▓_▓.▓D▓
▓_▓.▓@▓
▓_▓.▓T▓
▓_▓.▓.▓
▓_▓.▓.▓
▓_▓.▓.▓
▓'▓.▓.▓
▓.▓.▓.▓
▓.▓.▓[▓
▓.▓.▓.▓


You could see a six-headed hydra, a black mamba, 3 spiny frogs and a friendly
iron troll (berserk).

Vanquished Creatures
  A spiny frog (D)
  A kobold demonologist (D)
  A troll (D)
  A hippogriff (D)
  A wyvern (D)
  A water moccasin (D)
  An orc warrior (D)
  An ogre (D)
  2 centaurs (D)
  A bullfrog (D)
  A howler monkey (D)
  3 iguanas (D)
  A worker ant (D)
  2 adder skeletons (D)
  A leopard gecko (D)
  2 orcs (D)
  A giant cockroach (D)
  A goblin (D)
  A bat (D)
  2 rats (D)
26 creatures vanquished.

Notes
Turn   | Place    | Note
-------+----------+-------------------------------------------
     0 | D        | Fang the Gargoyle Berserker began the quest for the Orb.
     0 | D        | Reached XP level 1. HP: 14/14 MP: 1/1
     7 | D        | Reached ** piety under Trog
    17 | D        | Noticed a howler monkey
    17 | D        | Noticed a centaur
    17 | D        | Noticed an iguana
    21 | D        | Killed an iguana
    21 | D        | Reached skill level 5 in Fighting
    21 | D        | Reached XP level 2. HP: 21/21 MP: 2/2
    21 | D        | Reached XP level 3. HP: 26/26 MP: 3/3
    28 | D        | Killed a centaur
    28 | D        | Reached *** piety under Trog
    28 | D        | Reached XP level 4. HP: 34/34 MP: 4/4
    34 | D        | Reached XP level 5. HP: 38/38 MP: 5/5
    80 | D        | Found a roughly hewn altar of Beogh.
    80 | D        | Found a snail-covered altar of Cheibriados.
    80 | D        | Found a shadowy altar of Dithmenos.
    80 | D        | Found a white marble altar of Elyvilon.
    80 | D        | Found a blossoming altar of Fedhas.
    80 | D        | Found an opulent altar of Gozag.
    81 | D        | Found a hazy altar of Hepliaklqana.
    82 | D        | Found a viscous altar of Jiyva.
    83 | D        | Found an ancient bone altar of Kikubaaqudgha.
    84 | D        | Found a corrupted altar of Lugonu.
    85 | D        | Found a burning altar of Makhleb.
    86 | D        | Found a sparkling altar of Nemelex Xobeh.
    87 | D        | Found an iron altar of Okawaru.
    88 | D        | Found a stormy altar of Qazlal.
    89 | D        | Found a sacrificial altar of Ru.
    90 | D        | Found a deep blue altar of Sif Muna.
    91 | D        | Found a bloodstained altar of Trog.
    92 | D        | Found a hide-covered altar of Uskayaw.
    93 | D        | Found a radiant altar of Vehumet.
    94 | D        | Found an ornate altar of the Wu Jian Council.
    95 | D        | Found a shimmering altar of Xom.
    96 | D        | Found a basalt altar of Yredelemnul.
    97 | D        | Found a glowing silver altar of Zin.
    98 | D        | Found a glowing golden altar of the Shining One.
   127 | D        | Noticed a troll
   127 | D        | Noticed an ogre
   129 | D        | Reached **** piety under Trog
   133 | D        | Killed an ogre
   133 | D        | Reached XP level 6. HP: 45/45 MP: 6/6
   139 | D        | Killed a troll
   139 | D        | Reached skill level 10 in Fighting
   139 | D        | Reached skill level 5 in Armour
   139 | D        | Reached XP level 7. HP: 29/52 MP: 7/7
   141 | D        | Reached ***** piety under Trog
   353 | D        | Noticed a kobold demonologist
   353 | D        | Noticed a wyvern
   362 | D        | Killed a wyvern
   362 | D        | Reached skill level 10 in Axes
   362 | D        | Reached skill level 5 in Dodging
   367 | D        | Killed a kobold demonologist
   367 | D        | Reached XP level 8. HP: 32/60 MP: 8/8
   683 | D        | Noticed a spiny frog
   683 | D        | Noticed a black mamba
   683 | D        | Noticed a hippogriff
   683 | D        | Noticed a spiny frog
   686 | D        | Noticed a spiny frog
   690 | D        | Noticed a six-headed hydra
   691 | D        | Killed a spiny frog
   694 | D        | Killed a hippogriff
   694 | D        | Reached skill level 1 in Stealth
   699 | D        | Reached ****** piety under Trog
   699 | D        | Reached XP level 9. HP: 66/66 MP: 9/9
   701 | D        | Noticed a spiny frog
   705 | D        | Mangled by a six-headed hydra

Vault maps used:
D:        linesprint

Skill      XL: |  1  2  3  4  5  6  7  8 |
---------------+-------------------------+-----
Axes           | 4 6 7 9 11 12 | 12.6
Fighting       | 5 7 8 10 11 12 | 12.5
Armour         | 3 4 5 6 |  6.2
Dodging        | 2 3 4 5 |  5.9
Stealth        | 1 |  1.2

Action                   |  1- 3 |  4- 6 |  7- 9 || total
-------------------------+-------+-------+-------++-------
Melee: Hand axe          |    16 |     9 |       ||    25
       War axe           |       |     9 |    45 ||    54
Invok: Berserk           |     1 |     1 |     2 ||     4
       Brothers in Arms  |       |       |     1 ||     1
  Eat: Chunk             |       |       |     2 ||     2
Armor: Animal skin       |     5 |     5 |    10 ||    20
Dodge: Dodged            |    11 |     8 |    24 ||    43

Table legend:
 A = Non-vault XP
 B = Vault XP
 C = Vault XP percentage of total XP
 D = Non-vault monster count
 E = Vault monster count
 F = Vault count percentage of total count
                 A         B        C        D         E       F
            +---------+---------+-------+---------+---------+-------
      Total |       0 |    2542 | 100.0 |       0 |      26 | 100.0
            +---------+---------+-------+---------+---------+-------
          D |       0 |    2542 | 100.0 |       0 |      26 | 100.0
            +---------+---------+-------+---------+---------+-------
